 Dungeon Crawl Stone Soup version 0.23.2-1-ga50397a (webtiles) character file.

Game seed: 7840892321894063399

37 troglodite the Digger (level 3, -6/20 HPs)
             Began as a Gargoyle Earth Elementalist on May 23, 2019.
             Shot with an arrow by a centaur (14 damage)
             ... on level 2 of the Dungeon.
             The game lasted 00:04:07 (1356 turns).

troglodite the Digger (Gargoyle Earth Elementalist) Turns: 1356, Time: 00:04:08

Health: -6/20      AC:  5    Str: 11    XL:     3   Next: 39%
Magic:  4/6        EV: 12    Int: 15    God:
Gold:   69         SH:  0    Dex: 11    Spells: 2/6 levels left

rFire    . . .     SeeInvis .   j - +0 dagger
rCold    . . .     Gourm    .   (no shield)
rNeg     + . .     Faith    .   c - +0 robe
rPois    ∞         Spirit   .   (no helmet)
rElec    +         Reflect  .   (no cloak)
rCorr    .         Harm     .   (no gloves)
MR       .....                  (no boots)
Stlth    ++........             (no amulet)
HPRegen  0.06/turn              (no ring)
MPRegen  0.10/turn              (no ring)

@: no status effects
A: negative energy resistance 1, electricity resistance, unbreathing,
petrification resistance, rot immunity, AC +3
a: no special abilities


You were on level 2 of the Dungeon.
You were hungry.

You visited 1 branch of the dungeon, and saw 2 of its levels.

You collected 69 gold pieces.

Inventory:

Hand Weapons
 j - a +0 dagger (weapon)
 m - a +0 hunting sling
Missiles
 b - 136 stones (quivered)
 g - 12 sling bullets
Armour
 c - a +0 robe (worn)
Scrolls
 i - 2 scrolls of identify {unknown}
 k - a scroll of fear {unknown}
 l - a scroll of magic mapping {unknown}
Potions
 e - a potion of heal wounds {unknown}
 f - 2 potions of might {unknown}
 h - a potion of invisibility {unknown}
Comestibles
 d - 5 rations


   Skills:
 * Level 1.0 Fighting
 * Level 0.4 Short Blades
 * Level 1.7 Dodging
 * Level 2.2 Stealth
 - Level 0.3 Unarmed Combat
 * Level 2.2 Spellcasting
   Level 0.7 Transmutations
 * Level 4.4 Earth Magic


You had 2 spell levels left.
You knew the following spells:

 Your Spells              Type           Power        Failure   Level  Hunger
a - Sandblast             Erth           ###...       3%          1    #......
b - Stone Arrow           Conj/Erth      #.....       26%         3    ###....

Your spell library contained the following spells:

 Spells                   Type           Power        Failure   Level  Hunger
 Passwall                 Tmut/Erth      #.......     12%         2    ###....
 Petrify                  Tmut/Erth      #.......     58%         4    #####..
 Lee's Rapid Deconstruct  Erth           ###.......   67%         5    ######.


Dungeon Overview and Level Annotations

Branches:
Dungeon (2/15)

Altars:
Cheibriados


Innate Abilities, Weirdness & Mutations

You are resistant to torment.
Your stone body is resilient. (AC +3)
You are immune to poison.
You resist negative energy. (rN+)
You are resistant to electric shocks. (rElec)
You can survive without breathing.
You are immune to petrification.
You are immune to rotting.


Message History

The centaur shouts!
The centaur shoots an arrow.
The arrow barely misses you.
Casting: Sandblast (safe; 3% risk of failure)
Confirm with . or Enter, or press ? or * to list all spells.
Aiming: Sandblast (safe; 3% risk of failure)
Press: ? - help, Shift-Dir - straight line, f/p - dart slug
Aim: a dart slug (severely wounded)
The blast of sand hits the dart slug.
You kill the dart slug!
Your Fighting skill increases to level 1!
b - 136 stones The centaur shoots an arrow.
The arrow barely misses you.
The centaur shoots an arrow.
The arrow barely misses you.
The centaur shoots an arrow.
The arrow hits you.
You see here an arrow.
The centaur shoots an arrow.
The arrow hits you.
You see here an arrow.
The centaur shoots an arrow.
The arrow hits you!
Ouch! That really hurt!
You die...

...>###.#
...........#.#
............#.# ##
#.c...........# ...
..............####..#
#(≈≈≈.............#
#≈≈≈≈≈...#......####
#≈≈.≈≈...#...........
#≈≈≈≈≈.(@..<..##.....
##≈≈≈.(..............
##_#?.........(.....
###(...............
#..................
#####.......#.....
###..#...##.....
#.......## ... #
#........#


You could see a centaur.

Vanquished Creatures
  An ooze (D:2)
  2 dart slugs
  A leopard gecko (D:1)
  A giant cockroach (D:1)
  2 hobgoblins (D:1)
  4 jackals (D:1)
  2 bats (D:1)
  2 frilled lizards (D:1)
  6 goblins (D:1)
  2 kobolds (D:1)
  2 rats (D:1)
25 creatures vanquished.

Notes
Turn   | Place    | Note
-------+----------+-------------------------------------------
     0 | D:1      | troglodite the Gargoyle Earth Elementalist began the quest
                  | for the Orb.
     0 | D:1      | Reached XP level 1. HP: 10/10 MP: 3/3
   315 | D:1      | Reached XP level 2. HP: 9/16 MP: 0/5
   484 | D:1      | Reached skill level 4 in Earth Magic
   878 | D:1      | Reached XP level 3. HP: 20/20 MP: 6/6
  1159 | D:2      | Learned a level 3 spell: Stone Arrow
  1163 | D:2      | Found a snail-covered altar of Cheibriados.
  1163 | D:2      | Noticed a centaur
  1353 | D:2      | Reached skill level 1 in Fighting
  1356 | D:2      | Shot with an arrow by a centaur

Skill      XL: |  1  2  3 |
---------------+----------+-----
Earth Magic    | 4 |  4.4
Fighting       | 1 |  1.0
Short Blades   | |  0.4
Dodging        | |  1.7
Stealth        | |  2.2
Unarmed Combat | |  0.3
Spellcasting   | |  2.2
Transmutations | |  0.7

Action                   || total
-------------------------++-------
Melee: Unarmed           ||    15
       Dagger            ||    51
 Cast: Sandblast         ||    25
  Eat: Chunk             ||     1
Armor: Robe              ||    15
Dodge: Dodged            ||    54
